 Dungeon Crawl Stone Soup version 0.24.0-41-g2ae2f7f1be (console) character file.

Game seed: 4983551830668317713, levelgen mode: deterministic

245 Kagalorn the Changer (level 5, 0/40 HPs)
             Began as a Draconian Transmuter on Dec 9, 2019.
             Slain by a bullfrog (4 damage)
             ... on level 6 of the Dungeon.
             The game lasted 00:08:15 (3446 turns).

Kagalorn the Changer (Draconian Transmuter)         Turns: 3446, Time: 00:08:15

Health: 0/40       AC:  6    Str: 12    XL:     5   Next: 84%
Magic:  8/8        EV: 12    Int: 15    God:
Gold:   152        SH:  0    Dex: 11    Spells: 4/8 levels left

rFire    . . .     SeeInvis .     - Unarmed
rCold    . . .     Gourm    .   (no shield)
rNeg     . . .     Faith    .   (armour unavailable)
rPois    .         Spirit   .   (helmet restricted)
rElec    .         Reflect  .   (no cloak)
rCorr    .         Harm     .   (no gloves)
MR       .....                  r - +0 pair of boots
Stlth    +.........             (no amulet)
HPRegen  0.13/turn              (no ring)
MPRegen  0.11/turn              (no ring)

@: no status effects
A: unfitting armour, cold-blooded, AC +5
a: no special abilities


You were on level 6 of the Dungeon.
You were very hungry.

You visited 1 branch of the dungeon, and saw 5 of its levels.

You collected 152 gold pieces.

Inventory:

Armour
 r - a +0 pair of boots (worn)
Jewellery
 e - an uncursed ring of positive energy {unknown}
 i - an uncursed ring of stealth {unknown}
 k - an uncursed ring of protection from cold {unknown}
Scrolls
 d - 3 scrolls of identify {unknown}
 f - 3 scrolls of remove curse {unknown}
 j - a scroll of immolation {unknown}
 l - 2 scrolls of blinking {unknown}
 m - a scroll of teleportation {unknown}
 o - a scroll of magic mapping {unknown}
 p - a scroll of random uselessness {unknown}
Potions
 a - a potion of heal wounds {unknown}
 b - a potion of resistance {unknown}
 g - 3 potions of flight {unknown}
 h - 2 potions of curing {unknown}
 n - a potion of ambrosia {unknown}
Comestibles
 c - 8 rations
 q - 2 chunks of flesh


   Skills:
 - Level 1.1 Fighting
 - Level 1.7 Dodging
 - Level 3.0 Unarmed Combat
 - Level 2.0 Spellcasting
 * Level 5.7 Transmutations
 - Level 2.0 Poison Magic


You had 4 spell levels left.
You knew the following spells:

 Your Spells              Type           Power        Failure   Level  Hunger
a - Beastly Appendage     Tmut           ###...       2%          1    #......
b - Spider Form           Tmut/Pois      ##........   14%         3    ###....

Your spell library contained the following spells:

 Spells                   Type           Power        Failure   Level  Hunger
 Sticks to Snakes         Tmut           ###.....     3%          2    ###....
 Ice Form                 Ice/Tmut       ##......     56%         4    #####..
 Blade Hands              Tmut           ###.......   52%         5    ######.


Dungeon Overview and Level Annotations

Branches:
Dungeon (4/15)
 Temple: D:4-7

Altars:

Shops:
D:4 *

Annotations:
D:4 Sigmund
D:6 Pikel


Innate Abilities, Weirdness & Mutations

Your plain brown scales are hard. (AC +5)
You cannot fit into any form of body armour.
You are cold-blooded and may be slowed by cold attacks.


Message History

The crimson imp summons a swarm of flies.
The bullfrog closely misses you.
The quokka bites you but does no damage. x2
Found 8 arrows.
A slave comes into view.
The bullfrog hits you.
* * * LOW HITPOINT WARNING * * *
The crimson imp blinks!
The bullfrog misses you.
Pikel says, "You'll feel the lick of my whip!"
The scorpion misses you. The bullfrog hits you.
* * * LOW HITPOINT WARNING * * *
The leopard gecko closely misses you.
The bullfrog releases a deep croak.
Pikel says, "You'll feel the lick of my whip!"
Found a stone staircase leading up.
You are feeling very hungry.
The leopard gecko barely misses you. The bullfrog hits you.
You die...

..........#
#.#
...........
#K# #.#
#a## #.r#
##.## #.l#
##F# #@#
#<# #.# #.#
#.# #.# #.#
#.#


You could see Pikel, a bullfrog, a worker ant, a leopard gecko and a quokka.

Vanquished Creatures
  An ogre (D:4)
  A bullfrog skeleton (D:6)
  A worker ant (D:6)
  3 adders
  An ooze (D:3)
  3 worms
  3 dart slugs
  3 leopard geckos
  3 orcs (D:4)
  3 ball pythons
  6 giant cockroaches
  5 goblins
  7 hobgoblins
  7 kobolds
  2 quokkas
  A ball python skeleton (D:4)
  5 bats
  5 frilled lizards
  6 rats
66 creatures vanquished.

Notes
Turn   | Place    | Note
-------+----------+-------------------------------------------
     0 | D:1      | Kagalorn the Draconian Transmuter began the quest for the
                  | Orb.
     0 | D:1      | Reached XP level 1. HP: 16/16 MP: 3/3
   446 | D:1      | Reached XP level 2. HP: 20/23 MP: 3/5
   695 | D:1      | Reached skill level 3 in Transmutations
   893 | D:2      | Reached XP level 3. HP: 11/28 MP: 4/6
  1027 | D:2      | Learned a level 3 spell: Spider Form
  1169 | D:2      | Reached skill level 4 in Transmutations
  1802 | D:2      | Reached XP level 4. HP: 33/35 MP: 7/7
  2039 | D:3      | Reached skill level 1 in Poison Magic
  2651 | D:4      | Found Nonenoil's Elemental Accessories.
  2655 | D:4      | Noticed a phantom
  2725 | D:4      | Noticed an ogre
  2778 | D:4      | Killed an ogre
  2778 | D:4      | Reached skill level 5 in Transmutations
  2778 | D:4      | Reached XP level 5. HP: 35/40 MP: 8/8
  2957 | D:4      | Noticed Sigmund
  3289 | D:4      | You fall into a shaft and drop 2 floors!
  3353 | D:6      | HP: 2/40 [poisoned by a worker ant]
  3403 | D:6      | Noticed an ogre
  3417 | D:6      | Noticed a black bear
  3421 | D:6      | Noticed Pikel
  3421 | D:6      | Noticed a slave
  3422 | D:6      | Noticed a slave
  3422 | D:6      | Noticed a slave
  3429 | D:6      | Noticed a slave
  3433 | D:6      | HP: 2/40 [bullfrog (2)]
  3446 | D:6      | Slain by a bullfrog

Levels and vault maps discovered:
D:1:      saegor_arrival_simple_c, layout_loops_corners
D:2:      layout_basic, minmay_tall_x
D:3:      layout_loops_ring
D:4:      layout_basic, minmay_fountain_box, wad_floor_pattern_2,
          nicolae_elemental_shop, nzn_random_ring, uniq_sigmund
D:6:      layout_rooms, lemuel_another_geyser, uniq_prince_ribbit1, uniq_pikel

Skill      XL: |  1  2  3  4  5 |
---------------+----------------+-----
Transmutations | 3 4 5 |  5.7
Poison Magic   | 1 2 |  2.0
Fighting       | |  1.1
Dodging        | |  1.7
Unarmed Combat | |  3.0
Spellcasting   | |  2.0

Action                   |  1- 3 |  4- 6 || total
-------------------------+-------+-------++-------
Melee: Unarmed           |   200 |   136 ||   336
       Kick              |     3 |     7 ||    10
       Tailslap          |    16 |    22 ||    38
       Punch             |     5 |     2 ||     7
       Headbutt          |    10 |    10 ||    20
 Cast: Beastly Appendage |    11 |    11 ||    22
       Spider Form       |       |     1 ||     1
  Eat: Chunk             |     3 |     5 ||     8
Armor: Skin              |    71 |    22 ||    93
Dodge: Dodged            |   140 |    81 ||   221
